 Dungeon Crawl Stone Soup version 0.20-a0-548-g4f8a798 (webtiles) character file.

367440 nikopol the Marksgargoyle (level 22, -15/143 HPs)
             Began as a Gargoyle Berserker on Jan 30, 2017.
             Was the Champion of Trog.
             Killed from afar by a Hell Sentinel (34 damage)
             ... with damnation
             ... summoned by a deep elf demonologist
             ... on level 4 of the Vaults on Feb 1, 2017.
             The game lasted 03:10:06 (52487 turns).

nikopol the Marksgargoyle (Gargoyle Berserker)     Turns: 52487, Time: 03:10:07

Health: -15/143    AC: 47    Str: 24    XL:     22   Next: 58%
Magic:  0/13       EV: 15    Int: 14    God:    Trog [******]
Gold:   2889       SH:  0    Dex: 15    Spells: 21/21 levels left

rFire    + . .     SeeInvis +   a - +9 broad axe of Compound Interest {drain, rF- Int+5}
rCold    . . .     Gourm    .   i - +2 plate armour {MR+}
rNeg     + + .     Faith    .   (no shield)
rPois    ∞         Spirit   +   f - +1 helmet
rElec    +         Reflect  .   I - +1 cloak
rCorr    .         Harm     .   t - +2 pair of gloves
MR       ++...     Clarity  +   T - +0 pair of boots of Pauleid {rElec rF+}
Stlth    ..........             O - amulet of guardian spirit
Regen    0.4/turn               m - ring of the Exiled Yaks {rPois rF+ rN+ MP-9 Slay+6}
                                W - ring of see invisible

@: no status effects
A: big wings, clarity, negative energy resistance 1, electricity resistance,
unbreathing, petrification resistance, rot immunity, AC +16
}: 2/15 runes: serpentine, barnacled
a: Fly, Berserk, Trog's Hand, Brothers in Arms, Burn Spellbooks, Renounce
Religion


You were on level 4 of the Vaults.
You worshipped Trog.
Trog was exalted by your worship.
You were not hungry.

You visited 7 branches of the dungeon, and saw 37 of its levels.

You collected 3364 gold pieces.
You spent 475 gold pieces at shops.

Inventory:

Hand Weapons
 a - the +9 broad axe of Compound Interest (weapon) {drain, rF- Int+5}
   (You found it on level 7 of the Dungeon)

   A truly terrible weapon, it drains the life of those it strikes.
   It affects your intelligence (+5).
   It makes you vulnerable to fire.
 z - a +3 longbow of flaming
 E - a +5 battleaxe of venom
 G - a +8 executioner's axe of draining
 U - a +3 antimagic executioner's axe
Missiles
 s - 1504 arrows (quivered)
Armour
 f - a +1 helmet (worn)
 i - a +2 plate armour of magic resistance (worn)
 t - a +2 pair of gloves (worn)
 I - a +1 cloak (worn)
 T - the +0 pair of boots of Pauleid (worn) {rElec rF+}
   (You found it on level 10 of the Dungeon)

   It protects you from fire.
   It insulates you from electricity.
Jewellery
 m - the ring of the Exiled Yaks (right hand) {rPois rF+ rN+ MP-9 Slay+6}
   (You bought it in a shop on level 2 of the Orcish Mines)

   [ring of poison resistance]

   It affects your accuracy and damage with ranged weapons and melee attacks
   (+6).
   It protects you from fire.
   It protects you from poison.
   It protects you from negative energy.
   It affects your magic capacity (-9).
 H - an uncursed ring of protection from fire
 O - an amulet of guardian spirit (around neck)
 R - an uncursed ring of protection from cold {unknown}
 S - an uncursed ring of resist corrosion
 W - a ring of see invisible (left hand)
Wands
 r - a wand of disintegration (5/24)
 N - a wand of digging (18/24)
Scrolls
 g - 6 scrolls of enchant weapon
 h - 7 scrolls of magic mapping
 k - 16 scrolls of remove curse
 n - 9 scrolls of identify
 q - a scroll of holy word
 u - 2 scrolls of enchant armour
 x - 6 scrolls of recharging
 y - 4 scrolls of fog
 J - a scroll of brand weapon {unknown}
 P - 12 scrolls of teleportation
 Q - 6 scrolls of fear
 Y - a scroll of blinking
Potions
 b - 2 potions of cure mutation
 e - 2 potions of cancellation
 l - 4 potions of might
 o - 5 potions of heal wounds
 p - 11 potions of curing
 v - 4 potions of haste
 A - 5 potions of ambrosia
 B - 9 potions of agility
 C - 2 potions of invisibility
 D - 6 potions of magic
 K - 3 potions of flight
 L - 3 potions of berserk rage
 M - a potion of resistance
 V - 5 potions of brilliance
Comestibles
 c - 18 bread rations
 d - 4 chunks of flesh
 j - 15 royal jellies
 w - 19 meat rations
 F - 30 fruits


   Skills:
 + Level 16.4 Fighting
 * Level 19.0 Axes
 - Level 20.0 Bows
 + Level 16.4 Armour
 + Level 13.4 Dodging


You had 21 spell levels left.
You didn't know any spells.

Dungeon Overview and Level Annotations

Branches:
Dungeon (15/15)            Temple (0/1) D:4            Lair (6/6) D:10
 Shoals (4/4) Lair:4        Snake (4/4) Lair:3        Slime (0/5) Lair:6
    Orc (2/2) D:12            Elf (2/3) Orc:2        Vaults (4/5) D:13
  Crypt (0/3) Vaults:3     Depths (0/5) D:15

Altars:
Dithmenos
Elyvilon
Gozag
Kikubaaqudgha
Makhleb
Qazlal
Ru
Sif Muna
Trog
Uskayaw
Yredelemnul

Shops:
D:9 }   Orc:2 *?*!(   Snake:1 [

Portals:
Trove: D:11 (give horn of Geryon)


Innate Abilities, Weirdness & Mutations

You are resistant to torment.
Your stone body is resilient. (AC +16)
You are immune to poison.
Your large and strong wings let you fly indefinitely.
You resist negative energy. (rN+)
You are resistant to electric shocks. (rElec)
You can survive without breathing.
You are immune to petrification.
You are immune to rotting.
You possess an exceptional clarity of mind.


Message History

The Hell Sentinel barely misses you.
You slash the Hell Sentinel!
The Hell Sentinel is almost dead.
You slash the Hell Sentinel!
The Hell Sentinel is almost dead.
The Hell Sentinel hits you but does no damage. x2
The Hell Sentinel gestures at you. The iron shot hits you!
Things that are here:
an arbalest; 16 bolts; a yaktaur corpse The Hell Sentinel gestures at you.
The sphere of damnation explodes!
The damnation engulfs you!
* * * LOW HITPOINT WARNING * * *
The soul eater disappears in a puff of smoke!
The red devil disappears in a puff of smoke!
The ironbrand convoker casts a spell at the hell beast.
The hell beast seems to grow stronger.
The Hell Sentinel gestures at you.
The sphere of damnation explodes!
The damnation engulfs you!
You die...

#......... #.........
#..#####.. #.........
######### #.........
#.......# ####...### #
#.......########'####
#'#(#2##§......#...........#
($WW(ep†1...@..#...>.......#
#'#4#§##.......#..###.###..#
# #.......'..#.....#..#
#########..#..#..#..#
#....###....# #..#).#..#..#
#..#.)...#..# #..###)###..#
#...........#


You could see a Hell Sentinel, a hell beast, a deep elf demonologist and an
ironbrand convoker.

Vanquished Creatures
  Frederick (Vaults:3)
  Rupert (D:15)
  A deep elf blademaster (Elf:2)
  Frances (Snake:1)
  Agnes (Elf:1)
  The ghost of DEFE the Eclecticist, an adept DEAK of Lugonu (Vaults:2)
  Ilsuiw (Shoals:4)
  A tengu reaver (Vaults:2)
  5 fire giants
  7 nagarajas
  A storm dragon (D:13)
  A revenant (Vaults:3)
  A frost giant (Vaults:1)
  8 vault wardens
  Louise (Elf:1)
  A deep elf sorcerer (Elf:1)
  A deep elf elementalist (Elf:2)
  13 ironheart preservers
  A war gargoyle (Vaults:2)
  4 stone giants
  3 very ugly things (Vaults:2)
  2 entropy weavers
  A deep elf annihilator (Elf:1)
  2 deep elf demonologists (Vaults:1)
  Azrael (D:15)
  3 deep elf death magi
  7 merfolk javelineers
  An eidolon (Vaults:3)
  3 ettins
  10 merfolk impalers
  3 fire dragons
  6 yaktaur captains
  8 vault guards
  5 hydras
  Erolcha (Orc:1)
  2 rakshasas
  Harold (Lair:2)
  11 naga warriors
  2 death knights
  7 merfolk aquamancers
  9 ogre magi
  9 anacondas
  An alligator snapping turtle (Shoals:3)
  A deep troll shaman (Vaults:3)
  9 centaur warriors
  7 merfolk avatars
  37 two-headed ogres
  25 dancing weapons
  4 satyrs
  6 death yaks (Lair:5)
  3 deep troll earth magi
  2 tengu warriors
  Urug (D:14)
  Sonja (Lair:4)
  13 deep elf knights
  5 orc high priests (Orc:2)
  5 shock serpents
  22 naga sharpshooters
  A shadow wraith (Vaults:2)
  A fire crab (Lair:6)
  A soul eater (Vaults:3)
  5 unseen horrors
  6 skeletal warriors
  2 storm dragon skeletons (Vaults:2)
  2 glowing orange brains
  11 sea snakes
  2 salamander mystics (Snake:3)
  2 wizards
  12 deep trolls
  11 deep elf archers
  3 naga ritualists
  4 phantasmal warriors
  2 flayed ghosts (Vaults:2)
  Pikel (D:6)
  20 orc knights
  7 ironbrand convokers
  A necromancer (Vaults:2)
  20 harpies
  2 harpies (shapeshifter)
  28 ugly things
  4 wolf spiders
  15 fauns
  54 deep elf magi
  2 wolf spider zombies (D:15)
  7 mana vipers
  11 orc sorcerers
  6 cyclopes
  16 manticores
  3 oklob plants (Lair:6)
  8 salamanders
  14 vault sentinels
  10 elephants
  3 guardian serpents
  A guardian serpent (shapeshifter) (Vaults:2)
  21 naga magi
  7 water nymphs
  9 merfolk sirens
  2 eyes of devastation (shapeshifter)
  3 molten gargoyles (Lair:6)
  44 black mambas
  5 gargoyles
  A torpor snail (Lair:5)
  2 centaur skeletons
  A rime drake (shapeshifter) (Vaults:4)
  8 spiny frogs
  A kobold demonologist (D:15)
  A komodo dragon (shapeshifter) (Vaults:3)
  24 yaktaurs
  4 freezing wraiths
  9 komodo dragons
  2 tengu conjurers
  5 trolls
  A hornet (shapeshifter) (D:15)
  A queen bee (D:8)
  A human skeleton (Vaults:2)
  A raiju (shapeshifter) (Vaults:4)
  2 polar bears (Lair:4)
  39 merfolk
  4 wind drakes
  3 hornets
  11 snapping turtles
  8 dream sheep
  A blink frog (Snake:1)
  32 slime creatures
  The ghost of XO4YCPATb the Gusty, an amateur DsVM (D:4)
  18 hippogriffs
  A human simulacrum (Vaults:1)
  A meliai zombie (D:15)
  A shadow (D:14)
  17 water elementals
  3 redbacks (Vaults:2)
  3 air elementals (Elf:1)
  A vampire (D:15)
  3 wraiths
  39 yaks
  A yak (shapeshifter) (D:15)
  6 wyverns
  9 fire elementals
  A basilisk (shapeshifter) (D:15)
  9 basilisks
  A hog (shapeshifter) (Vaults:2)
  3 hungry ghosts
  3 steam dragons (Lair:6)
  4 vampire mosquitoes (D:14)
  9 wargs
  Menkaure (D:6)
  38 nagas
  A soldier ant (D:13)
  3 acid dragons
  23 water moccasins
  10 porcupines
  8 hell hounds
  13 ice beasts
  36 orc warriors
  6 sky beasts
  2 slaves (D:6)
  3 phantoms
  2 black bears
  4 boggarts (Vaults:1)
  2 eyes of draining (D:13)
  A necrophage (D:8)
  6 wolves (Lair:3)
  36 ogres
  27 centaurs
  17 crocodiles
  4 big kobolds
  11 bullfrogs
  Blork the orc (D:6)
  A gnoll sergeant (Orc:1)
  3 earth elementals (Elf:1)
  6 scorpions
  A water moccasin skeleton (D:8)
  18 killer bees
  5 howler monkeys
  15 wights
  6 crimson imps
  3 centaur zombies
  5 lava snakes (Lair:6)
  4 bullfrog zombies
  3 quasits
  2 bullfrog skeletons
  9 hounds
  10 jellies
  21 orc priests
  26 orc wizards
  4 iguanas
  5 worker ants
  A hound zombie (D:9)
  A hound skeleton (D:4)
  2 worker ant zombies
  4 gnolls
  21 adders
  4 shadow imps
  14 oozes
  An adder zombie (D:9)
  3 adder skeletons
  A worm (D:3)
  3 dart slugs
  5 leopard geckos
  89 orcs
  7 bats
  5 giant cockroaches
  6 hobgoblins
  7 jackals
  11 quokkas
  3 ball pythons
  2 frilled lizards
  23 kobolds
  6 rats
  9 fungi
  22 plants
1628 creatures vanquished.

Vanquished Creatures (collateral kills)
  A vault warden (Vaults:1)
  A centaur zombie (D:12)
  A hippogriff (D:12)
  3 slime creatures (Vaults:1)
  A wraith (Vaults:1)
  2 centaurs
  2 bullfrogs (D:12)
11 creatures vanquished.

Vanquished Creatures (others)
  An ogre mage (Vaults:2)
  A deep elf knight (Elf:2)
  A sea snake (Shoals:4)
  A black mamba (Snake:4)
  A slave (D:6)
  A bullfrog (D:6)
  An orc wizard (D:9)
  An orc (D:15)
  A quokka (D:6)
  A bush (Lair:2)
  7 fungi
  13 plants
30 creatures vanquished.

Grand Total: 1669 creatures vanquished

Notes
Turn   | Place    | Note
-------+----------+-------------------------------------------
     0 | D:1      | nikopol the Gargoyle Berserker began the quest for the Orb.
     0 | D:1      | Reached XP level 1. HP: 14/14 MP: 1/1
   229 | D:1      | Reached XP level 2. HP: 13/19 MP: 2/2
   550 | D:1      | Reached XP level 3. HP: 13/23 MP: 3/3
  1184 | D:2      | Reached ** piety under Trog
  1295 | D:2      | Reached XP level 4. HP: 26/29 MP: 4/4
  1740 | D:3      | Found a hide-covered altar of Uskayaw.
  1768 | D:3      | Noticed a dagger
  1768 | D:3      | Noticed a dagger
  1920 | D:3      | Found an ancient bone altar of Kikubaaqudgha.
  1968 | D:3      | Reached XP level 5. HP: 26/33 MP: 5/5
  2271 | D:3      | Reached XP level 6. HP: 39/39 MP: 6/6
  2279 | D:3      | Found a stormy altar of Qazlal.
  2281 | D:3      | Found a sacrificial altar of Ru.
  2468 | D:4      | Noticed XO4YCPATb's ghost (amateur DsVM)
  2481 | D:4      | Killed XO4YCPATb's ghost
  2589 | D:4      | Found a deep blue altar of Sif Muna.
  2614 | D:4      | Reached XP level 7. HP: 28/44 MP: 7/7
  2623 | D:4      | Reached skill level 5 in Fighting
  2895 | D:4      | Found a staircase to the Ecumenical Temple.
  3256 | D:4      | Reached skill level 5 in Armour
  3265 | D:4      | Reached *** piety under Trog
  3408 | D:4      | Reached XP level 8. HP: 48/50 MP: 8/8
  3663 | D:5      | Entered Level 5 of the Dungeon
  3707 | D:4      | Reached skill level 5 in Axes
  3861 | D:5      | Reached skill level 1 in Bows
  3862 | D:5      | Found a basalt altar of Yredelemnul.
  4061 | D:6      | Noticed Blork the orc
  4072 | D:6      | Killed Blork the orc
  4129 | D:6      | Found a burning altar of Makhleb.
  4130 | D:6      | Noticed Menkaure
  4140 | D:6      | Killed Menkaure
  4140 | D:6      | Reached skill level 2 in Bows
  4336 | D:5      | Received a gift from Trog
  4562 | D:5      | Found an opulent altar of Gozag.
  5416 | D:5      | Reached skill level 3 in Bows
  5492 | D:6      | Noticed Pikel
  5560 | D:6      | Killed Pikel
  5560 | D:6      | Reached XP level 9. HP: 20/56 MP: 9/9
  5811 | D:6      | Reached skill level 4 in Bows
  6683 | D:7      | Got a jewelled broad axe
  6684 | D:7      | Identified the +9 broad axe of Compound Interest {drain, rF- Int+5} (You found it on level 7 of the Dungeon)
  6925 | D:7      | Reached skill level 5 in Dodging
  6927 | D:7      | Reached **** piety under Trog
  6965 | D:7      | Found a shadowy altar of Dithmenos.
  7079 | D:7      | Reached skill level 5 in Bows
  7715 | D:8      | Reached XP level 10. HP: 48/63 MP: 10/10
  7828 | D:8      | Found a white marble altar of Elyvilon.
  7910 | D:8      | Reached skill level 6 in Bows
  8535 | D:9      | Found a bloodstained altar of Trog.
  8821 | D:9      | Received a gift from Trog
  8833 | D:9      | Found Woicopt's Gadget Emporium.
  8978 | D:9      | Noticed a two-headed ogre
  8988 | D:9      | Killed a two-headed ogre
  8988 | D:9      | Reached skill level 7 in Bows
  9224 | D:9      | Reached XP level 11. HP: 68/68 MP: 11/11
  9236 | D:9      | Reached ***** piety under Trog
  9654 | D:10     | Entered Level 10 of the Dungeon
  9670 | D:10     | Found a staircase to the Lair.
 10009 | D:10     | Received a gift from Trog
 10244 | D:10     | Reached skill level 8 in Bows
 10685 | D:10     | Got a pair of dazzling boots
 10691 | D:10     | Identified the +0 pair of boots of Pauleid {rElec rF+} (You found it on level 10 of the Dungeon)
 10945 | Lair:1   | Entered Level 1 of the Lair of Beasts
 11244 | Lair:1   | Received a gift from Trog
 11831 | Lair:2   | Noticed a four-headed hydra
 11846 | Lair:2   | Killed a 12-headed hydra
 12119 | Lair:2   | Reached skill level 9 in Bows
 12253 | Lair:2   | Noticed Harold
 12277 | Lair:2   | Killed Harold
 12554 | Lair:2   | Reached XP level 12. HP: 75/75 MP: 12/12
 13099 | Lair:3   | Reached skill level 10 in Axes
 13103 | Lair:3   | Found a staircase to the Snake Pit.
 13273 | Lair:3   | Reached skill level 10 in Bows
 14331 | Lair:4   | Received a gift from Trog
 14377 | Lair:4   | Reached XP level 13. HP: 78/82 MP: 13/13
 14481 | Lair:4   | Reached skill level 10 in Fighting
 14580 | Lair:4   | Noticed Sonja
 14596 | Lair:4   | Killed Sonja
 14664 | Lair:4   | Reached skill level 11 in Bows
 14778 | Lair:4   | Found a staircase to the Shoals.
 15380 | Lair:5   | Received a gift from Trog
 15827 | Lair:5   | Reached skill level 10 in Armour
 16041 | Lair:5   | Received a gift from Trog
 16119 | Lair:6   | Entered Level 6 of the Lair of Beasts
 16512 | Lair:6   | Reached skill level 12 in Bows
 16576 | Lair:6   | Found a staircase to the Slime Pits.
 16596 | Lair:6   | Gained mutation: Your large and strong wings let you fly indefinitely. [Gargoyle growth]
 16596 | Lair:6   | Reached XP level 14. HP: 35/88 MP: 14/14
 17498 | Lair:6   | Received a gift from Trog
 17675 | Lair:6   | Found a large runed door.
 17676 | Lair:6   | Found a large runed door.
 18523 | D:11     | Found a portal to a secret trove of treasure.
 18593 | D:11     | Received a gift from Trog
 19547 | D:12     | Reached ****** piety under Trog
 20165 | D:12     | Reached skill level 13 in Bows
 20204 | D:12     | Found a staircase to the Orcish Mines.
 20283 | Orc:1    | Entered Level 1 of the Orcish Mines
 20398 | Orc:2    | Entered Level 2 of the Orcish Mines
 20487 | Orc:2    | Found Etap's Assorted Antiques.
 20499 | Orc:2    | Bought a vibrating bone ring for 160 gold pieces
 20500 | Orc:2    | Identified the ring of the Exiled Yaks {rPois rF+ rN+ MP-9 Slay+6} (You bought it in a shop on level 2 of the Orcish Mines)
 20524 | Orc:2    | Gained mutation: Your mind is acute. (Int +2) [potion of beneficial mutation]
 20646 | Orc:2    | Received a gift from Trog
 20744 | Orc:2    | Lost mutation: Your mind is acute. (Int +2) [a neqoxec]
 21068 | Orc:1    | Reached XP level 15. HP: 78/95 MP: 6/15
 21114 | Orc:1    | Noticed Erolcha
 21129 | Orc:1    | Killed Erolcha
 21595 | Orc:2    | Received a gift from Trog
 21701 | Orc:2    | Found a staircase to the Elven Halls.
 22510 | Orc:2    | Found Hilank's Weapon Shoppe.
 22510 | Orc:2    | Found Desoaxzo's Magic Scroll Shoppe.
 22511 | Orc:2    | Found Keseitzo's Distillery.
 22511 | Orc:2    | Found Vuitig's General Store.
 23403 | D:13     | Found a gate to the Vaults.
 23575 | D:13     | Received a gift from Trog
 24235 | D:13     | Reached skill level 14 in Bows
 24458 | D:14     | Noticed Urug
 24480 | D:14     | Killed Urug
 25017 | D:14     | Reached XP level 16. HP: 100/101 MP: 7/16
 25210 | D:15     | Entered Level 15 of the Dungeon
 25488 | D:15     | Received a gift from Trog
 25602 | D:15     | Noticed Rupert
 25614 | D:15     | Killed Rupert
 25614 | D:15     | Reached skill level 10 in Dodging
 26018 | D:15     | Noticed Azrael
 26101 | D:15     | Killed Azrael
 26505 | D:15     | Found a staircase to the Depths.
 26698 | D:15     | Received a gift from Trog
 27034 | Snake:1  | Entered Level 1 of the Snake Pit
 27434 | Snake:1  | Noticed Frances
 27444 | Snake:1  | Killed Frances
 27463 | Snake:1  | Reached skill level 15 in Bows
 27648 | Snake:1  | Found Ysues's Armour Shop.
 28647 | Snake:2  | Reached XP level 17. HP: 108/108 MP: 8/17
 29068 | Snake:2  | Received a gift from Trog
 29822 | Snake:3  | Received a gift from Trog
 30247 | Snake:3  | Identified a scroll of acquirement
 30368 | Snake:3  | Reached skill level 15 in Axes
 30591 | Snake:4  | Entered Level 4 of the Snake Pit
 31731 | Snake:4  | Reached skill level 16 in Bows
 32351 | Snake:4  | Reached XP level 18. HP: 116/116 MP: 9/18
 32361 | Snake:4  | Received a gift from Trog
 32689 | Snake:4  | Got a serpentine rune of Zot
 32961 | Snake:4  | Received a gift from Trog
 33223 | Shoals:1 | Entered Level 1 of the Shoals
 35048 | Shoals:3 | Received a gift from Trog
 36312 | Shoals:4 | Entered Level 4 of the Shoals
 36408 | Shoals:4 | Noticed Ilsuiw
 36603 | Shoals:3 | Reached skill level 17 in Bows
 37441 | Shoals:4 | Received a gift from Trog
 37459 | Shoals:4 | Reached XP level 19. HP: 93/122 MP: 8/19
 38335 | Shoals:4 | Got a barnacled rune of Zot
 38605 | Shoals:4 | Received a gift from Trog
 39489 | Shoals:4 | Killed Ilsuiw
 40236 | Vaults:1 | Entered Level 1 of the Vaults
 40540 | Vaults:1 | Received a gift from Trog
 41078 | Vaults:1 | Received a gift from Trog
 41098 | Vaults:1 | Received a gift from Trog
 41108 | Vaults:1 | HP: 4/184 [vault guard/halberd of flaming[a vault warden] (13)]
 41760 | Vaults:1 | Reached XP level 20. HP: 86/128 MP: 11/20
 41907 | D:13     | Upgraded the game from 0.20-a0-540-ge6d1839 to 0.20-a0-544-g2b9a704
 41916 | Vaults:1 | Reached skill level 15 in Fighting
 41931 | Vaults:1 | Reached skill level 18 in Bows
 42176 | Orc:2    | Bought a scroll of enchant weapon for 240 gold pieces
 42304 | Orc:2    | Bought a scroll of enchant weapon for 75 gold pieces
 42346 | Elf:1    | Entered Level 1 of the Elven Halls
 42381 | Elf:1    | Reached skill level 15 in Armour
 42549 | Elf:1    | Gained mutation: You possess an exceptional clarity of mind. [potion of beneficial mutation]
 42877 | Elf:1    | Received a gift from Trog
 43044 | Elf:1    | Noticed Agnes
 43051 | Elf:1    | Killed Agnes
 43572 | Elf:1    | Noticed Louise
 43577 | Elf:1    | Killed Louise
 44618 | Elf:2    | Found a runed gate.
 44618 | Elf:2    | Found a runed gate.
 44619 | Elf:2    | Found a runed gate.
 44637 | Elf:2    | Received a gift from Trog
 46058 | Vaults:1 | Received a gift from Trog
 46438 | Vaults:1 | Reached XP level 21. HP: 120/135 MP: 10/21
 47323 | Vaults:1 | Reached skill level 19 in Bows
 47349 | Vaults:1 | Received a gift from Trog
 47350 | Vaults:1 | Paralysed by an ogre mage for 2 turns
 47962 | Vaults:2 | Noticed DEFE's ghost (adept DEAK)
 47985 | Vaults:2 | Killed DEFE's ghost
 48562 | Vaults:2 | Received a gift from Trog
 48773 | Vaults:2 | Received a gift from Trog
 49179 | Vaults:2 | Received a gift from Trog
 49826 | Vaults:2 | Reached XP level 22. HP: 142/142 MP: 13/22
 50081 | Vaults:2 | Received a gift from Trog
 50535 | Vaults:3 | Found a staircase to the Crypt.
 50696 | Vaults:3 | Received a gift from Trog
 50847 | Vaults:3 | Noticed Frederick
 50864 | Vaults:3 | Killed Frederick
 51056 | Vaults:3 | Received a gift from Trog
 51551 | Vaults:3 | Reached skill level 20 in Bows
 51568 | Vaults:3 | Received a gift from Trog
 52351 | Vaults:4 | Upgraded the game from 0.20-a0-544-g2b9a704 to 0.20-a0-548-g4f8a798
 52487 | Vaults:4 | Killed from afar by a Hell Sentinel

Vault maps used:
D:1:      dpeg_arrival_rooms_b
D:3:      dancing_weapons_uskayaw, nicolae_overflow_hidden_temple,
          portal_sewer_entry_e, minivault_27
D:4:      led_sif_book, minmay_temple_entry_glassed_door, first_bread
D:5:      lemuel_crystal_altar, yredelemnul_altar_generic,
          kennysheep_small_circle
D:6:      nicolae_overflow_crystal_walls, uniq_menkaure, uniq_pikel,
          uniq_blork_the_orc
D:7:      overflow_temple_1_default, st_stairs_5
D:8:      old_standard_altar, minivault_19, david_nohive_1
D:9:      overflow_temple_1_default, serial_shops, shop
D:10:     kennysheep_ambush_hall, minmay_lair_entry_lava,
          kennysheep_pointless_box, corexii_corridor_pit
D:11:     enter_trove_2
D:12:     orc_0_dummy
D:13:     grunt_vaults_entry_fortified, portal_ice_cave_entry_ice_beasts
D:14:     uniq_urug
D:15:     gammafunk_enter_depths_forms, hangedman_decor_diamond_cutter,
          billiards_dpeg, uniq_azrael, uniq_rupert
Lair:1:   serial_bayou_ford_a
Lair:2:   uniq_harold
Lair:3:   minmay_snake_entry_six_corridors, minivault_19, grunt_megastairs_4
Lair:4:   minmay_shoals_entry_centaurs, cheibrodos_lair_caveside_slide,
          lemuel_fruit_fields, uniq_sonja
Lair:5:   lemuel_slime
Lair:6:   cheibrodos_lair_end_hotspot, minmay_slime_entry_oklob_open
Shoals:1: nicolae_shoals_arrival_archipelago
Shoals:3: nicolae_shoals_stone_sculpture_thing
Shoals:4: shoals_end_simple, shoals_ilsuiw_alternative
Snake:1:  serial_shops, nicolae_shop_stone, grunt_megastairs_3, uniq_frances
Snake:3:  st_stairs_12, serial_bayou_shore_a, lemuel_fruit_tree,
          basic_stair_grate_trap
Snake:4:  snake_pit, stair_cage_cross, serial_bayou_shore_b
Orc:1:    uniq_erolcha
Orc:2:    st_orc_elflike, serial_shops,
          nicolae_shop_temple_entry_statues_fountains
Elf:1:    minmay_elf_arrival_summoners, minivault_28, uniq_louise, uniq_agnes
Vaults:1: v_misc_17, dpeg_vaults_pockets_of_resistance,
          nicolae_vaults_circle_grid_a, nicolae_vaults_border_crossing,
          vaults_room_semicircle, dpeg_vaults_monster_box
Vaults:2: hangedman_vaults_trim, v_misc_27, vaults_mumra_chevron,
          vaults_mumra_chevron_long, nicolae_vaults_big_ls,
          vaults_room_door_hall, v_alt_pattern_3, v_misc_1,
          nicolae_vaults_windows_and_doors_thing, vaults_dpeg_hooks,
          vaults_dpeg_diagonal, st_cells
Vaults:3: vaults_dpeg_ring, ontoclasm_vaults_shout, ontoclasm_vaults_ligature,
          ontoclasm_vaults_bender, hangedman_vaults_river_flow,
          hangedman_vaults_cutoff, minmay_crypt_entry_simple_sparse, v_misc_24,
          vaults_mumra_minichess_inversion, dpeg_vaults_monster_row,
          grunt_vaults_diagonal, v_misc_14, ontoclasm_vaults_gateway,
          uniq_frederick
Vaults:4: nicolae_vaults_shelves_hall, v_misc_16, st_cross,
          ontoclasm_vaults_loading_screen, hangedman_vaults_stream, v_rooms_6,
          stair_cage_open, nicolae_vaults_diagonal_hallway_7,
          nicolae_vaults_little_squares_5, v_misc_18, v_alt_pattern_1,
          serial_shops, shop

Skill      XL: |  1  2  3  4  5  6  7  8  9 10 11 12 13 14 15 16 17 18 19 20 21 22 |
---------------+-------------------------------------------------------------------+-----
Dodging        | 2 3 4 5 6 7 8 9 10 11 12 13 | 13.4
Axes           | 3 4 6 7 8 9 10 11 12 13 14 15 16 17 18 19 | 19.0
Armour         | 3 4 5 6 7 8 9 10 11 12 13 14 15 16 | 16.4
Fighting       | 4 5 6 7 8 9 10 11 12 13 14 15 16 | 16.4
Bows           | 3 5 7 9 10 12 13 14 15 16 17 18 19 20 | 20.0

Action                   |  1- 3 |  4- 6 |  7- 9 | 10-12 | 13-15 | 16-18 | 19-21 | 22-24 || total
-------------------------+-------+-------+-------+-------+-------+-------+-------+-------++-------
Melee: Hand axe          |   140 |   179 |   370 |       |       |       |       |       ||   689
       Broad axe         |       |       |    26 |   310 |   497 |   448 |   815 |   161 ||  2257
       Longbow           |       |       |       |       |     2 |       |       |       ||     2
 Fire: Shortbow          |       |       |   132 |   389 |   101 |       |       |       ||   622
       Longbow           |       |       |       |       |   606 |   987 |   797 |   194 ||  2584
Invok: Burn Spellbooks   |       |     1 |       |       |     3 |     2 |     1 |     1 ||     8
       Berserk           |       |     1 |     5 |     1 |     1 |     2 |     6 |     1 ||    17
       Brothers in Arms  |       |       |       |       |       |     1 |     2 |       ||     3
       Trog's Hand       |       |       |       |       |       |       |     2 |       ||     2
 Abil: Fly               |       |       |       |       |       |     1 |       |       ||     1
       Stop Flying       |       |       |       |       |       |       |     1 |       ||     1
  Use: Scroll            |       |       |       |     9 |    24 |     8 |     4 |       ||    45
       Potion            |       |       |       |       |     1 |       |     2 |       ||     3
 Stab: Distracted        |       |       |       |       |       |       |     1 |       ||     1
  Eat: Chunk             |     1 |     6 |    15 |    17 |    34 |    30 |    46 |     9 ||   158
       Fruit             |       |       |     1 |     1 |       |     5 |       |       ||     7
       Bread ration      |       |       |     1 |     1 |       |     1 |       |       ||     3
       Royal jelly       |       |       |       |     1 |       |     1 |       |       ||     2
Armor: Animal skin       |    43 |       |       |       |       |       |       |       ||    43
       Ring mail         |    34 |    98 |   204 |   244 |    92 |       |       |       ||   672
       Scale mail        |       |       |       |       |   334 |   139 |       |       ||   473
       Chain mail        |       |       |       |       |       |   498 |   313 |       ||   811
       Plate armour      |       |       |       |       |       |       |   307 |   134 ||   441
Dodge: Dodged            |   129 |   111 |   248 |   349 |   472 |   534 |   555 |    95 ||  2493
